[Event "Late-Titled-Tuesday-Blitz-September-12-2023"]
[Site "Chess.com"]
[Date "2023.09.12"]
[Round "2"]
[White "Maxfan2008"]
[Black "queen_iryna"]
[Result "1-0"]
[WhiteElo "2584"]
[BlackElo "2349"]
[TimeControl "180+1"]
[EndTime "14:17:49 PDT"]
[Termination "Maxfan2008 won by checkmate"]

1. d4 d6 2. c4 e5 3. Nc3 exd4 4. Qxd4 Nc6 5. Qd1 Nf6 6. Nf3 g6 7. g3 Bg7 8. Bg2 O-O 9. O-O Be6 10. Nd5 Re8 11. Bg5 Bxd5 12. cxd5 Ne5 13. Nxe5 Rxe5 14. f4 Re7 15. f5 Re5 16. e4 h6 17. Bf4 Re8 18.
fxg6 fxg6 19. Be3 Nxe4 20. Qg4 Nf6 21. Qf3 Rf8 22. Bd4 Nd7 23. Qg4 Bxd4+ 24. Qxd4 Ne5 25. Rxf8+ Qxf8 26. Rf1 Qg7 27. Qb4 b6 28. Bh3 Rf8 29. Be6+ Kh7 30. Qc3 Rxf1+ 31. Kxf1 Qf6+ 32. Kg2 Qe7 33. h4 h5 34. b4 c5 35. bxc5 bxc5 36. Qa5 Qf8 37. Qxa7+ Kh6 38. Qa3 c4 39. Qe3+ Kh7 40.
a4 Qb8 41. Qg5 Qb7 42. a5 c3 43. a6 Qa7 44. Qd8 Nf7 45. Qf8 c2 46. Bxf7 c1=Q 47.
Qg8+ Kh6 48. Qxg6# 1-0

[Event "Late-Titled-Tuesday-Blitz-September-12-2023"]
[Site "Chess.com"]
[Date "2023.09.12"]
[Round "2"]
[White "SilverCityIndigo"]
[Black "malakismayil"]
[Result "0-1"]
[WhiteElo "2269"]
[BlackElo "2505"]
[TimeControl "180+1"]
[EndTime "14:17:49 PDT"]
[Termination "malakismayil won by checkmate"]

1. d4 Nf6 2. c4 e6 3. Nf3 d5 4.
Nc3 Be7 5. cxd5 exd5 6. Bf4 O-O 7. e3 c6 8. Bd3 Bg4 9. Qc2 Nbd7 10. Ne5 Bh5 11. g4 Bg6 12. h4 Bxd3 13. Qxd3 Bb4 14.
h5 Ne4 15. f3 Nd6 16. h6 g6 17.
g5 Nb5 18. Kf2 Nxe5 19. Bxe5 Nxc3 20. bxc3 Bd6 21. f4 Bxe5 22. dxe5 Qd7 23. Kg3 Rad8 24. Rab1 b5 25. Qd4 a6 26. a4 Rc8 27. Rhd1 Qe7 28. axb5 axb5 29. Qb4 Qe6 30. e4 dxe4 31. Qxe4 Rfd8 32.
Ra1 Rd5 33. Rxd5 cxd5 34. Qd4 Rb8 35. Ra7 Rd8 36. Rb7 Kf8 37. Qc5+ Kg8 38. Qd4 Kf8 39. Rxb5 Qc6 40. Qb4+ Kg8 41. Rc5 Qa6 42. Qd4 Qa2 43. Qxd5 Qxd5 44. Rc8 Rxc8 45. f5 Rxc3+ 46. Kf4 Qd4# 0-1

[Event "Late-Titled-Tuesday-Blitz-September-12-2023"]
[Site "Chess.com"]
[Date "2023.09.12"]
[Round "2"]
[White "jcmesafischer"]
[Black "hellokostya"]
[Result "1-0"]
[WhiteElo "2375"]
[BlackElo "2591"]
[TimeControl "180+1"]
[EndTime "14:17:50 PDT"]
[Termination "jcmesafischer won by resignation"]

1. Nf3 Nf6 2. g3 g6 3. Bg2 Bg7 4. O-O O-O 5. d4 d6 6. c4 Nc6 7. d5 Na5 8. Qa4 c5 9. Nc3 Bd7 10. Qc2 Nxc4 11. e4 b5 12. Re1 b4 13. Na4 Nb6 14. Nxb6 axb6 15. Bg5 h6 16. Bf4 Bg4 17. Nd2 b5 18. h3 Bd7 19. e5 Bf5 20. Qc1 Nh5 21. exd6 exd6 22. Be3 Nf6 23. g4 Bd3 24. Nf3 Bc4 25. Bf4 g5 26. Bg3 Bxd5 27. Rd1 Qb6 28. Qc2 Rfd8 29. Rxd5 Nxd5 30. Nxg5 Nf6 31. Bxa8 Rxa8 32.
Nf3 Qc6 33. Nh4 Qe4 34. Qd2 Qd5 35. Qe2 h5 36. Nf5 hxg4 37. Ne7+ Kf8 38. Nxd5 Nxd5 39. Bxd6+ Kg8 40. Qxg4 Nf6 41. Qg2 Rc8 42. Be5 Kf8 43. Rc1 c4 44. Bd6+ Kg8 45. Bxb4 Kh7 46. Bc3 Bh6 47. Rd1 Nh5 48. Qe4+ Kg8 49. Qg4+ Kh7 50. Qf5+ Kg8 51. Qxc8+ 1-0

[Event "Late-Titled-Tuesday-Blitz-September-12-2023"]
[Site "Chess.com"]
[Date "2023.09.12"]
[Round "2"]
[White "JackRodgers"]
[Black "MikaelyanArman"]
[Result "0-1"]
[WhiteElo "2528"]
[BlackElo "2927"]
[TimeControl "180+1"]
[EndTime "14:17:51 PDT"]
[Termination "MikaelyanArman won on time"]

1. d4 Nf6 2. Bg5 c5 3. d5 Ne4 4. Bf4 Qb6 5. Bc1 g6 6. f3 Nf6 7. e4 d6 8. Nc3 Bg7 9. h4 Nbd7 10. a4 a6 11. a5 Qc7 12. Nge2 h5 13. Bg5 Ne5 14. Nc1 Bd7 15. Nd3 Nh7 16. Nxe5 Bxe5 17. Be3 b5 18. axb6 Qxb6 19. Ra2 Bg3+ 20. Bf2 Bxf2+ 21.
Kxf2 c4+ 22. Kg3 Rc8 23. Qa1 O-O 24. Rxa6 Qe3 25. Ra7 Rcd8 26. Be2 f5 27. exf5 gxf5 28.
Rc7 Kh8 29. Qa7 Rg8+ 30. Kh2 Qf4+ 31. Kg1 Nf6 32. Rh2 Rg7 33. Rxc4 Qc1+ 34. Bf1 Rdg8 35. Qd4 Qe1 36. Qd1 Qe3+ 37. Kh1 Kh7 38. Qd4 Qc1 39. Qd1 Qxb2 40. Ne2 Bb5 41. Rd4 Bxe2 42. Bxe2 Rb8 43. Bd3 Kh8 44. Bxf5 Qa2 0-1

[Event "Late-Titled-Tuesday-Blitz-September-12-2023"]
[Site "Chess.com"]
[Date "2023.09.12"]
[Round "2"]
[White "Arystanner"]
[Black "Flaccidmoves"]
[Result "1-0"]
[WhiteElo "2822"]
[BlackElo "2462"]
[TimeControl "180+1"]
[EndTime "14:17:51 PDT"]
[Termination "Arystanner won by resignation"]

1. d4 g6 2. c4 Bg7 3. Nc3 Nf6 4. e4 O-O 5. Be2 d6 6. Be3 c5 7. dxc5 dxc5 8. Qxd8 Rxd8 9. Bxc5 Na6 10. Bxe7 Re8 11. Ba3 Nxe4 12. Nxe4 Rxe4 13. O-O-O Bf5 14. Bd3 Bh6+ 15.
Kb1 Rxc4 16. Bxf5 gxf5 17. Ne2 Re8 18. Ng3 f4 19. Nf5 Bf8 20. Bxf8 Rxf8 21. Rd7 Rc7 22. Rhd1 Rxd7 23. Rxd7 Nc5 24. Rc7 b6 25. Rxa7 Re8 26.
b4 Nd3 27. b5 f6 28. a4 Re2 29.
Rd7 Nc5 30. Rg7+ Kf8 31. Rxh7 Rxf2 32. a5 bxa5 33. b6 Rxg2 34. Rc7 Na6 35. Ra7 Nc5 36. Rxa5 Nb7 37. Ra7 Nc5 38. Nd4 Rxh2 39. Ne6+ Nxe6 40. b7 Rh1+ 41. Ka2 Rh2+ 42. Ka3 Rh3+ 43. Kb4 1-0

[Event "Late-Titled-Tuesday-Blitz-September-12-2023"]
[Site "Chess.com"]
[Date "2023.09.12"]
[Round "2"]
[White "checkmatequen"]
[Black "enestnrvrd"]
[Result "0-1"]
[WhiteElo "2363"]
[BlackElo "2729"]
[TimeControl "180+1"]
[EndTime "14:17:56 PDT"]
[Termination "enestnrvrd won on time"]

1. e4 c5 2. Nf3 d6 3. d4 cxd4 4. Nxd4 Nf6 5. Nc3 a6 6. Bg5 e6 7. f4 h6 8. Bh4 Nbd7 9. Bc4 b5 10. Bb3 Qb6 11. a3 Be7 12. Bf2 Nc5 13. Qe2 Qc7 14. O-O-O Bb7 15. Rhe1 Nxb3+ 16. Nxb3 O-O 17. g4 Nd7 18. h4 Bf6 19. Bd4 Bxd4 20. Rxd4 e5 21. Rd2 exf4 22. Qd3 Ne5 23. Qxd6 Qxd6 24. Rxd6 Nxg4 25.
Nc5 Bc8 26. Nd5 f3 27. Rf1 Ne5 28. Nd3 Nxd3+ 29. cxd3 Bg4 30. Ne3 h5 31. Kd2 Rfd8 32. Rd5 Rxd5 33. Nxd5 f6 34. Ke3 Kf7 35. Rc1 Rc8 36.
Rxc8 Bxc8 37. Kxf3 g5 38. hxg5 fxg5 39. Ne3 Ke6 40.
d4 Kd6 41. e5+ Ke6 42. Ke4 h4 43. d5+ Ke7 44. Nf1 Bh3 45. Nd2 Bg2+ 46. Ke3 Bxd5 47. Kd4 Ke6 48. Nf1 g4 49. Nh2 g3 0-1

[Event "Late-Titled-Tuesday-Blitz-September-12-2023"]
[Site "Chess.com"]
[Date "2023.09.12"]
[Round "2"]
[White "FabianoCaruana"]
[Black "jraosam"]
[Result "1-0"]
[WhiteElo "3051"]
[BlackElo "2036"]
[TimeControl "180+1"]
[EndTime "14:17:58 PDT"]
[Termination "FabianoCaruana won on time"]

1. d4 d5 2. c4 c6 3. Nf3 Nf6 4. e3 e6 5. Nc3 Nbd7 6. Qc2 Bd6 7.
b3 O-O 8. Bd3 b6 9. O-O Bb7 10.
Bb2 Qe7 11. Rad1 Rac8 12. Rfe1 Rfd8 13. Qe2 c5 14. cxd5 exd5 15. Bf5 g6 16. Bh3 a6 17.
dxc5 bxc5 18. g3 Rc7 19. Bg2 Nb6 20. h3 Rcd7 21. Nh2 Bb8 22. Ng4 Nxg4 23. Qxg4 h5 24.
Qe2 h4 25. g4 Re8 26. a4 Qd6 27. f4 d4 28. Bxb7 Rxb7 29. Qxa6 Rbe7 30. Rd3 Qc6 31. Nd1 Bxf4 32. Rd2 Bg3 33. Rf1 dxe3 34. Re2 Re6 35. a5 Nd5 36. Qc4 g5 37. Rf5 Nf4 38. Rxg5+ Rg6 39.
Rxg6+ Qxg6 40. Rxe3 Rxe3 41. Nxe3 Qb1+ 42. Bc1 Qxc1+ 43.
Qxc1 Ne2+ 44. Kg2 Nxc1 45. a6 Nxb3 46. a7 1-0

[Event "Late-Titled-Tuesday-Blitz-September-12-2023"]
[Site "Chess.com"]
[Date "2023.09.12"]
[Round "2"]
[White "adiosabu"]
[Black "lachesisQ"]
[Result "1-0"]
[WhiteElo "2590"]
[BlackElo "3081"]
[TimeControl "180+1"]
[EndTime "14:17:59 PDT"]
[Termination "adiosabu won by resignation"]

1. e4 c5 2. Nf3 d6 3. d4 cxd4 4.
Qxd4 a6 5. c4 Nc6 6. Qe3 g6 7.
Be2 Nf6 8. h3 Bg7 9. O-O O-O 10.
Rd1 Nd7 11. Nc3 Nc5 12. Bd2 f5 13. exf5 gxf5 14. Be1 f4 15. Qd2 Qe8 16. Nd5 Qf7 17. Rac1 h6 18. b4 Ne4 19. Qc2 Ng5 20. c5 Bf5 21. Qa4 Nxf3+ 22. Bxf3 Ne5 23. Qb3 e6 24. Nxf4 Nxf3+ 25. Qxf3 d5 26. Nh5 Bb2 27. Bc3 Bxc1 28. Nf6+ Qxf6 29. Bxf6 Rxf6 30. Rxc1 Raf8 31. Qe3 Rg6 32.
Kh2 Kh7 33. f3 Rg7 34. Rf1 Re7 35. g4 Bg6 36. Qe5 Rd8 37. Rd1 Rf8 38. Kg3 Ref7 39.
Rf1 Re8 40. f4 Rd7 41. Rd1 Ree7 42. Rd4 Bc2 43. h4 Bg6 44. h5 Bc2 45. g5 Bf5 46.
g6+ Kg8 47. a4 Re8 48. b5 axb5 49. axb5 Rc8 50. Ra4 Rdc7 51. c6 bxc6 52. b6 Rb7 53.
Ra7 Rcb8 54. Rxb7 Rxb7 55. Qd6 Kg7 56. Qxc6 1-0

[Event "Late-Titled-Tuesday-Blitz-September-12-2023"]
[Site "Chess.com"]
[Date "2023.09.12"]
[Round "2"]
[White "kuli4ik"]
[Black "ural58"]
[Result "1-0"]
[WhiteElo "2946"]
[BlackElo "2538"]
[TimeControl "180+1"]
[EndTime "14:18:02 PDT"]
[Termination "kuli4ik won on time"]

1. Nf3 d5 2. e3 Nc6 3. d4 Bg4 4. c4 e6 5. Qb3 Rb8 6. Nc3 Bxf3 7.
gxf3 Nf6 8. Bd2 a6 9. Bg2 dxc4 10.
Qxc4 Be7 11. f4 O-O 12. O-O Nb4 13. Rfd1 b5 14. Qe2 Qc8 15. Rac1 Nbd5 16. Nxd5 Nxd5 17. f5 Nb6 18. fxe6 Qxe6 19. Rxc7 Bd8 20. Rc6 Qxa2 21. Bb4 Re8 22. d5 Nc4 23. d6 Ba5 24. d7 Bxb4 25. dxe8=Q+ Rxe8 26. Bd5 Rf8 27. Bxc4 bxc4 28.
Qxc4 Qxc4 29. Rxc4 a5 30. Rcd4 Be7 31. Rd7 Bf6 32.
b3 g6 33. Ra7 Bc3 34. Rc1 Bb4 35.
Rac7 Kg7 36. Rc8 Rxc8 37. Rxc8 h5 38. Kg2 g5 39. h3 f6 40. Kf3 Kg6 41. Rb8 f5 42.
Rb6+ Kf7 43. h4 g4+ 44. Kf4 Be1 45. Rb5 Bxf2 46. Rxf5+ Kg6 47. Rg5+ Kh6 48. Rxa5 Bxh4 49. Ra6+ Kg7 50. b4 Bf2 51. b5 g3 52. Kf3 h4 53. Ra2 1-0

[Event "Late-Titled-Tuesday-Blitz-September-12-2023"]
[Site "Chess.com"]
[Date "2023.09.12"]
[Round "2"]
[White "leschebaza"]
[Black "atigerman"]
[Result "0-1"]
[WhiteElo "2395"]
[BlackElo "2699"]
[TimeControl "180+1"]
[EndTime "14:18:04 PDT"]
[Termination "atigerman won on time"]

1. d4 Nf6 2. c4 e6 3. Nc3 Bb4 4.
Qc2 O-O 5. Bg5 d5 6. e3 c5 7. Nf3 Nc6 8. cxd5 exd5 9. dxc5 d4 10. exd4 Nxd4 11. Nxd4 Qxd4 12. Be2 Bf5 13. Qxf5 Bxc3+ 14. Kf1 Bxb2 15. Rd1 Qa4 16. h4 Rfe8 17. h5 Bc3 18.
Rc1 Ne4 19. Qg4 Qxa2 20. Bh6 f5 21. Qxf5 Ng3+ 22. fxg3 Rf8 23. Qxf8+ Rxf8+ 24. Bf4 Kh8 25. Rxc3 Qa1+ 26. Kf2 Qxc3 27. Rd1 Qxc5+ 28. Ke1 Qb4+ 29.
Kf1 a5 30. Kg1 a4 31. Bf3 a3 32. Bd5 Rd8 33. Kh2 a2 34. h6 a1=Q 35. Rxa1 Qc3 36. Rd1 Qf6 37. hxg7+ Kxg7 38. Kh1 b5 39. Kg1 b4 40.
Be3 Qf5 41. Bd4+ Kg6 42. Bf3 b3 43. g4 Qc2 0-1

[Event "Late-Titled-Tuesday-Blitz-September-12-2023"]
[Site "Chess.com"]
[Date "2023.09.12"]
[Round "2"]
[White "Zampronha1971"]
[Black "santosalberto1987"]
[Result "0-1"]
[WhiteElo "2315"]
[BlackElo "2531"]
[TimeControl "180+1"]
[EndTime "14:18:04 PDT"]
[Termination "santosalberto1987 won by resignation"]

1. e4 e6 2. d4 d5 3. Nc3 Nf6 4. e5 Nfd7 5. f4 c5 6. Nf3 Nc6 7. Be3 Qb6 8. Na4 Qa5+ 9. c3 b6 10.
Kf2 Ba6 11. Bxa6 Qxa6 12. Re1 Be7 13. Kg1 O-O 14. a3 c4 15. b4 cxb3 16. Qxb3 Na5 17.
Qd1 Rac8 18. Bd2 Nc4 19. Qb3 b5 20. Nb2 Nxb2 21. Qxb2 Nb6 22. Rec1 Na4 23. Qb3 Qc6 24. Be1 a6 25. Qd1 Nb2 26. Qe2 Nc4 27. Ra2 a5 28. Rca1 a4 29. Nd2 Nxd2 30. Bxd2 Qc4 31. Qxc4 bxc4 32. Kf1 Rb8 33. Ke2 Rb3 34. Kd1 Rfb8 35. Kc2 f6 36. Bc1 fxe5 37. fxe5 Bd8 38. Bd2 Ba5 39. Rf1 Rf8 40. Rxf8+ Kxf8 41. Ra1 Kf7 42. Be1 Kg6 43. Bd2 Bd8 44. Bc1 Be7 45. Bb2 h5 46. h3 Rb8 47. Rf1 Rf8 48.
Rxf8 Bxf8 49. Kd1 Kf5 50. Ke2 Ke4 51. Bc1 Be7 52. Bb2 Bg5 53. g3 Bh6 54. h4 g6 55.
Ba1 Bc1 56. Kd1 Bxa3 57. Bb2 Bxb2 0-1

[Event "Late-Titled-Tuesday-Blitz-September-12-2023"]
[Site "Chess.com"]
[Date "2023.09.12"]
[Round "2"]
[White "artooon"]
[Black "Valio_M1948"]
[Result "1-0"]
[WhiteElo "3044"]
[BlackElo "2553"]
[TimeControl "180+1"]
[EndTime "14:18:08 PDT"]
[Termination "artooon won on time"]

1. e4 e5 2. Nf3 d5 3. exd5 e4 4. Qe2 Nf6 5. Nc3 Be7 6. Nxe4 O-O 7. d3 Qxd5 8. Nc3 Bb4 9. Be3 Qa5 10. Qd2 Nd5 11.
a3 Nxc3 12. Rc1 Bxa3 13. bxa3 Qxa3 14. g3 Bg4 15. Bg2 Nc6 16. O-O Rfe8 17. Rfe1 Rad8 18. Ra1 Qb2 19. h3 Bf5 20. Nh4 Be6 21. Bxa7 Ra8 22.
Bxc6 bxc6 23. Ng2 Bxh3 24. Ne3 Be6 25. Kh2 h6 26. Bd4 Rxa1 27. Bxc3 Rxe1 28. Bxb2 Rb1 29.
Qc3 f6 30. Qxc6 Bf7 31. Bd4 Re7 32. Bc5 Re6 33. Qxc7 Rb2 34. Bd4 Rb5 35. Qd7 Rh5+ 36. Kg1 Re8 37. Qg4 Rg5 38. Qd7 Re6 39. c4 h5 40. c5 h4 41. g4 Re8 42. c6 Ra5 43. c7 Raa8 44. Kh2 Be6 45. Qd6 Kf7 46. Nf5 g6 47. Ne3 Re7 48. Qf4 1-0

[Event "Late-Titled-Tuesday-Blitz-September-12-2023"]
[Site "Chess.com"]
[Date "2023.09.12"]
[Round "2"]
[White "Taran2004"]
[Black "zeitnot2006"]
[Result "0-1"]
[WhiteElo "2413"]
[BlackElo "2750"]
[TimeControl "180+1"]
[EndTime "14:18:08 PDT"]
[Termination "zeitnot2006 won by resignation"]

1. e4 c5 2. Nf3 Nc6 3. Bb5 Qb6 4. Nc3 e6 5. O-O Nge7 6. d3 a6 7. Ba4 Qc7 8. Be3 b5 9. Bb3 Ng6 10. a4 b4 11. Ne2 Bd6 12. d4 cxd4 13. Nexd4 O-O 14. h4 Nge5 15. Nxe5 Nxe5 16. Qe2 Bb7 17. f3 Ng6 18. h5 Nf4 19. Bxf4 Bxf4 20. Rad1 Qc5 21. Qf2 Qxh5 22. g3 Bb8 23. Kg2 Qg6 24. Ne2 Ba7 25. Qe1 Bc6 26. Nf4 Qf6 27. Qxb4 Qxb2 28.
Rfe1 Rab8 29. Qc4 a5 30. Rh1 Rb4 31. Qd3 Rd4 32. Qa6 Rxd1 33. Rxd1 Bb8 34. Qxa5 Qf6 35. Qd2 Be5 36. Qe3 Ra8 37. Nh5 Qg6 38. Nf4 Qg5 39. Rh1 g6 40. Rh3 h6 41. Kf2 Bxa4 42.
Bxa4 Rxa4 43. Qb3 Ra8 44. Qb7 Rb8 45. Qxd7 Bxf4 46. gxf4 Qxf4 47. Qd3 Rc8 48. Rh1 h5 49. Rd1 h4 50. Rd2 Qg3+ 51. Ke2 h3 52. Qe3 h2 53. Rd1 Qg2+ 54. Kd3 h1=Q 0-1

[Event "Late-Titled-Tuesday-Blitz-September-12-2023"]
[Site "Chess.com"]
[Date "2023.09.12"]
[Round "2"]
[White "Vaibhavraut99"]
[Black "HansOnTwitch"]
[Result "0-1"]
[WhiteElo "2566"]
[BlackElo "3083"]
[TimeControl "180+1"]
[EndTime "14:18:10 PDT"]
[Termination "HansOnTwitch won by resignation"]

1. e4 c5 2. Nf3 Nc6 3. Bb5 g6 4. O-O Bg7 5. Bxc6 bxc6 6. d3 d6 7. Nc3 e5 8. h3 Ne7 9. Nh2 O-O 10. f4 f5 11. fxe5 dxe5 12. exf5 gxf5 13. Bg5 h6 14. Bh4 Qd6 15. Bxe7 Qxe7 16. Qe2 Rb8 17. Rab1 Qd6 18.
Nf3 Bd7 19. Nd2 Be6 20. Kh1 Rbd8 21. Rbe1 Rde8 22. Nf3 Bc8 23. Nh4 Kh7 24. Qh5 Qe6 25. Ne2 Qf7 26. Qxf7 Rxf7 27. Ng3 Ref8 28. Nf3 Re7 29. Nh4 Ref7 30. Nf3 e4 31. dxe4 f4 32. Nf5 Bxf5 33. exf5 Rxf5 34. Re6 Bxb2 35. Rxc6 R8f6 36. Rc7+ Rf7 37. Rc6 Rd5 38. Re1 Bg7 39. Rce6 c4 40. Re7 Rd7 41. R7e4 Rc7 42. Rd1 c3 43. Rd3 Rfd7 44.
Rxd7 Rxd7 45. Rxf4 Rd1+ 46. Kh2 Rc1 47. Rc4 Rxc2 48.
Kg3 Rxa2 49. Rc7 a5 50. Nh4 Kg8 51. Kf3 c2 52. Nf5 Ra3+ 53. Kg4 Rc3 54. Rxg7+ Kf8 55. Rd7 c1=Q 0-1

[Event "Late-Titled-Tuesday-Blitz-September-12-2023"]
[Site "Chess.com"]
[Date "2023.09.12"]
[Round "2"]
[White "CFalcons8"]
[Black "jaskol95"]
[Result "0-1"]
[WhiteElo "2298"]
[BlackElo "2517"]
[TimeControl "180+1"]
[EndTime "14:18:10 PDT"]
[Termination "jaskol95 won on time"]

1. e4 c5 2. Nf3 e6 3. d4 cxd4 4.
Nxd4 Nc6 5. Nc3 Qc7 6. a3 a6 7. Be3 b5 8. Be2 Bb7 9. O-O Nf6 10. f4 d6 11. Bf3 Be7 12. Qd2 O-O 13. g4 Nxd4 14.
Qxd4 e5 15. Qd2 Rfd8 16. g5 Nd7 17. f5 Bf8 18. Kh1 Nb6 19. Qg2 d5 20. exd5 Nc4 21. Bc1 b4 22. axb4 Bxb4 23. Ne4 Kh8 24. c3 Bf8 25. b3 Nd6 26. Nxd6 Qxd6 27. c4 a5 28. Ba3 Qb6 29. Bxf8 Rxf8 30. Be4 f6 31. g6 h6 32.
Rf3 Qd4 33. Re1 a4 34. bxa4 Rxa4 35. Rh3 Ra1 36. Rxa1 Qxa1+ 37. Qg1 Qa2 38. Rxh6+ gxh6 39. g7+ Kg8 40. gxf8=Q+ Kxf8 41. Qc5+ Kg8 42. Qb4 Qa1+ 43. Qb1 Qd4 44. Qg1+ Kf8 45. Qxd4 exd4 46. Kg2 Ke7 47.
Kf2 Kd6 48. Ke2 Kc5 49. Kd3 Ba6 50. Kd2 Bxc4 51. Bf3 Bxd5 52. Bh5 Be4 53. Bg6 Kd5 54. Ke2 Ke5 55. Be8 Bxf5 56. Kf3 Be4+ 57. Kg4 d3 58. Kh5 d2 59. Ba4 Bf3+ 60. Kxh6 d1=Q 61. Bxd1 Bxd1 62. h4 f5 0-1

[Event "Late-Titled-Tuesday-Blitz-September-12-2023"]
[Site "Chess.com"]
[Date "2023.09.12"]
[Round "2"]
[White "komogro"]
[Black "ShiroglanTalibov"]
[Result "1/2-1/2"]
[WhiteElo "2519"]
[BlackElo "2848"]
[TimeControl "180+1"]
[EndTime "14:18:12 PDT"]
[Termination "Game drawn by repetition"]

1. Nf3 d5 2. d4 Nf6 3. c4 e6 4.
Nc3 Nbd7 5. Bg5 c6 6. e3 h6 7.
Bf4 b6 8. Qc2 Bb7 9. cxd5 cxd5 10. Bd3 a6 11. O-O Rc8 12. Qe2 b5 13. h3 Bb4 14.
Rfc1 O-O 15. a4 bxa4 16. Nxa4 a5 17. Bb5 Ne4 18. Qd3 Qe7 19. Qd1 Rxc1 20. Rxc1 Rc8 21. Rxc8+ Bxc8 22. Qc2 Qd8 23. Qc6 Ndf6 24. Bc7 Qf8 25.
Ne5 Nd6 26. Nc5 Nxb5 27. Qxb5 Qe8 28. Qxe8+ Nxe8 29. Bb6 Nd6 30. Nc6 Kh7 31. Bxa5 Bxc5 32. dxc5 Nb5 33. Kf1 Ba6 34. Ke1 f6 35. f4 Kg6 36. g4 h5 37. Kf2 hxg4 38. hxg4 Kf7 39. Nd4 Nxd4 40. exd4 Bb5 41. Bc7 Kg6 42. Kg3 f5 43. Kh4 Be2 44. g5 Bb5 45. Be5 Be8 46.
b4 Bb5 47. Kg3 Bc6 48. Kf2 Kf7 49. Ke3 g6 50. Kd3 Ke7 51. Kc3 Ba4 52. b5 Bxb5 53.
Kb4 Bc6 54. Ka5 Kd7 55. Kb6 Ba4 56. Ka5 Bc6 57. Kb4 Ba8 58. Bf6 Bc6 59. Be5 Ba8 60. Ka5 Bc6 1/2-1/2

[Event "Late-Titled-Tuesday-Blitz-September-12-2023"]
[Site "Chess.com"]
[Date "2023.09.12"]
[Round "2"]
[White "ZuraTqebuchava"]
[Black "Battever"]
[Result "1-0"]
[WhiteElo "2255"]
[BlackElo "2467"]
[TimeControl "180+1"]
[EndTime "14:18:12 PDT"]
[Termination "ZuraTqebuchava won by resignation"]

1. e4 g6 2. d4 Bg7 3. Nc3 c6 4.
g3 d5 5. e5 c5 6. dxc5 d4 7.
Ne4 Bxe5 8. Bg2 Nc6 9. Nf3 Bg7 10. O-O Nh6 11. Re1 O-O 12. h3 f5 13. Ned2 e5 14. Nc4 e4 15. Ng5 Qd5 16. b3 Qxc5 17. Ba3 Nb4 18.
Qd2 a5 19. Rad1 Re8 20. Nxa5 Qxa5 21. Bxb4 Qxa2 22. Ra1 Qxa1 23. Rxa1 Rxa1+ 24. Kh2 Nf7 25. Nxf7 Kxf7 26. Bc5 Rd8 27. Qf4 Be6 28. Bxe4 Rc8 29. Qd6 Bf8 30. Qxd4 Bxc5 31. Qxa1 fxe4 32. Qe5 Bxf2 33.
Qf4+ Bf5 34. Qxf2 e3 35. Qxe3 Rxc2+ 36. Kg1 Rc7 37. g4 Re7 38. Qf3 Kf6 39. gxf5 gxf5 40. Kf2 Re4 41. Kg3 Kg5 42. Qc3 f4+ 43. Kf2 Re3 44. Qc5+ Kh4 45. Qf8 Kg5 46. Qg7+ Kf5 47. Qxh7+ Ke5 48. Qxb7 Rxh3 49. Qe7+ Kd4 50. Qd7+ Kc3 51.
Qxh3+ Kb2 52. Qg4 1-0

[Event "Late-Titled-Tuesday-Blitz-September-12-2023"]
[Site "Chess.com"]
[Date "2023.09.12"]
[Round "2"]
[White "KNVB"]
[Black "Mikhal867"]
[Result "1-0"]
[WhiteElo "2780"]
[BlackElo "2427"]
[TimeControl "180+1"]
[EndTime "14:18:13 PDT"]
[Termination "KNVB won on time"]

1. d4 Nf6 2. Bf4 g6 3. Nc3 Bg7 4. e4 O-O 5. Qd2 Re8 6. e5 Nh5 7. Bh6 d6 8. Bxg7 Nxg7 9. O-O-O dxe5 10. dxe5 Qxd2+ 11. Rxd2 c6 12. f4 Nd7 13. Nf3 Nc5 14.
b4 Nce6 15. g3 a5 16. a3 axb4 17. axb4 Nf5 18. Kb2 Rd8 19. Bd3 Nfd4 20. Nxd4 Nxd4 21. Be4 Bf5 22. Rhd1 Ne6 23. Bxf5 gxf5 24. Rd7 b5 25.
Rxe7 Rxd1 26. Nxd1 Rd8 27. Ne3 Rd2 28. Re8+ Kg7 29.
Nxf5+ Kg6 30. Ne7+ Kh6 31. Rg8 Ng7 32. h3 Rd7 33. Nxc6 Nf5 34. g4 Nd4 35. Nxd4 Rxd4 36. c3 Rxf4 37. Rb8 Rf3 38. Rxb5 Rxh3 39. Rd5 Rg3 40.
Rd4 Kg5 41. b5 Re3 42. b6 Rxe5 43. b7 Re8 44. c4 Rb8 45. Rd7 Kxg4 46. c5 f5 47.
Rxh7 f4 48. c6 f3 49. Rg7+ Kh5 50. Kc3 f2 51. Rf7 Re8 52. Rxf2 1-0

[Event "Late-Titled-Tuesday-Blitz-September-12-2023"]
[Site "Chess.com"]
[Date "2023.09.12"]
[Round "2"]
[White "cthulhuuu"]
[Black "Igor_Lysyj"]
[Result "0-1"]
[WhiteElo "2489"]
[BlackElo "2848"]
[TimeControl "180+1"]
[EndTime "14:18:14 PDT"]
[Termination "Igor_Lysyj won by resignation"]

1. e4 e5 2. Nf3 Nc6 3. Bb5 Bc5 4.
O-O Nd4 5. Bc4 Nxf3+ 6. Qxf3 Nf6 7. d3 d6 8. Bg5 h6 9. Be3 Bxe3 10. fxe3 O-O 11.
Nd2 Be6 12. Bxe6 fxe6 13. Qh3 Qe7 14. Rf3 Nh7 15. Raf1 Rxf3 16. Qxf3 a5 17. Qg3 a4 18. a3 b5 19. Nf3 Rf8 20. d4 exd4 21. exd4 Nf6 22.
Qh4 Qd7 23. e5 Nd5 24. exd6 cxd6 25. Nd2 Rf5 26. Rxf5 exf5 27. Qe1 Nf4 28. g3 Nh3+ 29.
Kg2 Ng5 30. h4 Ne6 31. Nf3 Nc7 32. Qe2 Qc6 33. c3 Kh7 34. Kh2 Qe4 35. Qxe4 fxe4 36. Nd2 e3 37. Nf3 Nd5 38. Kg2 Nb6 39. Kf1 Nc4 40.
Ke2 Nxb2 41. Kxe3 Nc4+ 42. Ke4 Nxa3 43. Nd2 Nc4 44. Kd3 Nxd2 45. Kxd2 Kg6 46. Kc2 d5 47. Kb2 Kf5 48. Ka3 Ke4 49. Kb4 h5 50. Kxb5 a3 0-1

[Event "Late-Titled-Tuesday-Blitz-September-12-2023"]
[Site "Chess.com"]
[Date "2023.09.12"]
[Round "2"]
[White "GothamChess"]
[Black "octopus_assassin"]
[Result "1-0"]
[WhiteElo "2729"]
[BlackElo "2369"]
[TimeControl "180+1"]
[EndTime "14:18:15 PDT"]
[Termination "GothamChess won by resignation"]

1. d4 Nf6 2. Bg5 d5 3. e3 c5 4. Nd2 Nc6 5. c3 e5 6. dxe5 Nxe5 7. Ndf3 Nxf3+ 8. Nxf3 Be7 9. Bb5+ Bd7 10. Qa4 Bxb5 11.
Qxb5+ Qd7 12. Qxd7+ Kxd7 13. O-O-O Ke6 14. Bxf6 Bxf6 15. e4 dxe4 16. Rhe1 Rad8 17. Rxe4+ Kf5 18. Rde1 h5 19. h3 h4 20. Kc2 g5 21. R1e2 b5 22. a4 a6 23. Nh2 Rd7 24. Ng4 Bg7 25. f3 Rhd8 26. Ne5 Rc7 27. axb5 axb5 28. Nd3 Bf6 29. Nf2 c4 30. Ng4 Bg7 31. Ne3+ Kg6 32. f4 gxf4 33. Rxf4 Rh8 34. Rg4+ Kh7 35. Rxh4+ Kg8 36.
Rg4 Kf8 37. Nf5 Bf6 38. Rge4 Rc8 39. R2e3 Rh5 40. g4 Rg5 41. b3 cxb3+ 42. Kxb3 Kg8 43. Kb4 Rb8 44. Re8+ Rxe8 45. Rxe8+ Kh7 46. Rf8 Kg6 47. Rg8+ Kh7 48. Rxg5 Bxg5 49. Kxb5 Bf4 50. c4 Kg6 51. c5 Kg5 52. Kc6 Kf6 53. Kd7 Ke5 54.
c6 1-0

[Event "Late-Titled-Tuesday-Blitz-September-12-2023"]
[Site "Chess.com"]
[Date "2023.09.12"]
[Round "2"]
[White "FredyMatsuura"]
[Black "DefiantChair"]
[Result "1-0"]
[WhiteElo "2333"]
[BlackElo "2674"]
[TimeControl "180+1"]
[EndTime "14:18:15 PDT"]
[Termination "FredyMatsuura won by resignation"]

1. d4 Nf6 2. c4 e6 3. Nf3 d5 4.
Nc3 Bb4 5. e3 O-O 6. Bd3 dxc4 7.
Bxc4 c5 8. O-O Nc6 9. a3 Bxc3 10. bxc3 Qc7 11. Qe2 e5 12. h3 h6 13. a4 Re8 14.
d5 Ne7 15. e4 Ng6 16. a5 Nh5 17. Qc2 Nhf4 18. Rd1 Qd6 19. a6 b6 20. Bb5 Rd8 21. Be3 Qf6 22. Be2 Bd7 23. Kh1 Rac8 24. Nh2 Rf8 25.
Bg4 Qd8 26. Bxd7 Qxd7 27. Qd2 f5 28. exf5 Rxf5 29. c4 Rcf8 30. Ng4 e4 31. Bxf4 Nxf4 32. Qe3 h5 33. Nh2 Nd3 34. f3 Qd6 35. fxe4 Nf2+ 36.
Kg1 Nxh3+ 37. Qxh3 Rf2 38. Nf3 Rb2 39. e5 Qg6 40. e6 Rf4 41. e7 Kh7 42. d6 Rg4 43. Rd2 Rb3 44. Re1 Rg3 45. Qxg3 Qxg3 46. e8=Q Qg4 47.
Qe4+ Qxe4 48. Rxe4 Rb1+ 49. Kf2 g5 50. d7 g4 51. Ne5 g3+ 52. Kxg3 Rb3+ 53. Kf4 Rd3 54.
Re3 Rxd2 55. Rd3 Rf2+ 56. Kg5 Rxg2+ 57. Kxh5 Rh2+ 58. Kg5 Rg2+ 59. Ng4 Rd2 60. Rxd2 1-0